 Dungeon Crawl Stone Soup version 0.19.0-19-g8c6edcc (webtiles) character file.

259 Banto the Slasher (level 5, -8/34 HPs)
             Began as a High Elf Skald on Nov 16, 2016.
             Was a Follower of Okawaru.
             Mangled by an ogre
             ... wielding a +0 giant spiked club
              (21 damage)
             ... on level 4 of the Dungeon.
             The game lasted 00:03:46 (2392 turns).

Banto the Slasher (High Elf Skald)                  Turns: 2392, Time: 00:03:46

Health: -8/34      AC:  7    Str: 11    XL:     5   Next: 94%
Magic:  9/9        EV: 12    Int: 16    God:    Okawaru [*.....]
Gold:   176        SH:  0    Dex: 15    Spells: 3 memorised, 3 levels left

rFire  . . .     SeeInvis .     q - +2 quarterstaff (chaos)
rCold  . . .     Gourm    .     o - +0 ring mail (curse)
rNeg   . . .     Faith    .     (shield currently unavailable)
rPois  .         Spirit   .     f - +0 helmet
rElec  .         Reflect  .     n - +0 cloak
rCorr  .         Harm     .     (no gloves)
MR     .....     Rnd*Tele +     (no boots)
Stlth  ++........               u - amulet of rage
                                w - ring of teleportation (curse)
                                l - ring of stealth

@: no status effects
A: no striking features
a: Heroism, Renounce Religion, Evoke Berserk Rage


You were on level 4 of the Dungeon.
You worshipped Okawaru.
Okawaru was aware of your devotion.
You were not hungry.

You visited 1 branch of the dungeon, and saw 4 of its levels.

You collected 176 gold pieces.

Inventory:

Hand Weapons
 a - a +0 falchion
 q - a +2 quarterstaff of chaos (weapon)
Missiles
 t - 5 javelins (quivered)
Armour
 b - a +0 leather armour
 f - a +0 helmet (worn)
 k - a +0 robe
 n - a +0 cloak (worn)
 o - a cursed +0 ring mail (worn)
 y - a cursed +0 robe
Jewellery
 l - a ring of stealth (left hand)
 u - an amulet of rage (around neck)
 w - a cursed ring of teleportation (right hand)
Scrolls
 s - a scroll of fear {unknown}
Potions
 e - 2 potions of curing
 g - a potion of heal wounds
 h - 3 potions of brilliance
 i - a potion of degeneration {unknown}
 r - a potion of haste {unknown}
 v - a potion of magic {unknown}
Books
 c - a book of Battle

   Spells                             Type                      Level
   a - Infusion                       Charms                       1
   b - Shroud of Golubria             Charms/Translocation         2
   c - Song of Slaying                Charms                       2
   d - Spectral Weapon                Hexes/Charms                 3
   e - Regeneration                   Charms/Necromancy            3
Comestibles
 d - 3 bread rations
 j - a meat ration
 m - a beef jerky
 p - 5 fruits
 x - a chunk of flesh


   Skills:
 - Level 2.0 Fighting
 + Level 5.4 Long Blades
 - Level 0.8 Armour
 + Level 4.7 Dodging
 - Level 2.4 Spellcasting
 - Level 3.6 Charms


You had 3 spell levels left.
You knew the following spells:

 Your Spells              Type           Power        Failure   Level  Hunger
a - Infusion              Chrm           ##..         12%         1    #......
b - Song of Slaying       Chrm           ##......     17%         2    ###....
c - Shroud of Golubria    Chrm/Tloc      #.........   38%         2    ###....


Dungeon Overview and Level Annotations

Branches:
Dungeon (4/15)
 Temple: D:4-7

Altars:
Okawaru
Sif Muna
Vehumet


Message History

You feel much better. The ogre barely misses you.
You regained 15 hp, and now have 25/34 hp.
The howler monkey howls!
The howler monkey hoots and howls with incredible vigour!
The ogre barely misses you.
There is a stone staircase leading up here.
You hit the ogre.
The ogre is lightly wounded.
The ogre hits you with a giant spiked club.
You take 6 damage, and have 19/34 hp.
You thump the ogre!
The ogre is heavily wounded.
The ogre hits you with a giant spiked club!
Some of the chunks of flesh in your inventory have rotted away.
You take 6 damage, and have 13/34 hp.
You sock the ogre!
The ogre goes berserk!
The ogre is severely wounded.
The ogre hits you with a giant spiked club!!
Ouch! That really hurt!
You die...

..'..........#......#
).#..........#......#
..#..........#......#
..#....##....#......#
..##...##'####......#
...#...##....#......#
...#.........#......#
...#.........'.hO...#
...#.........#..@...#
...##+####+###......#
...............######
...............#
...............#
...............#
...............#
.........#######
####.....#


You could see an ogre (berserk) and a howler monkey.

Vanquished Creatures
  A centaur (D:4)
  An orc priest (D:3)
  An orc wizard (D:3)
  Crazy Yiuf (D:2)
  2 adders
  2 oozes
  A worm (D:2)
  A dart slug (D:1)
  4 leopard geckos
  2 orcs
  2 giant cockroaches (D:3)
  4 goblins
  4 hobgoblins
  7 jackals
  5 kobolds
  A quokka (D:4)
  A ball python (D:3)
  8 bats
  3 frilled lizards
  7 rats
58 creatures vanquished.

Notes
Turn   | Place    | Note
-------+----------+-------------------------------------------
     0 | D:1      | Banto the High Elf Skald began the quest for the Orb.
     0 | D:1      | Reached XP level 1. HP: 14/14 MP: 4/4
    79 | D:1      | Reached XP level 2. HP: 13/19 MP: 0/6
   102 | D:1      | Reached skill level 3 in Long Blades
   327 | D:1      | Reached XP level 3. HP: 24/24 MP: 1/7
   789 | D:2      | Found a faded altar of an unknown god.
   789 | D:2      | Found a faded altar of an unknown god.
   794 | D:2      | Found a radiant altar of Vehumet.
   796 | D:2      | Found an iron altar of Okawaru.
   798 | D:2      | Found a deep blue altar of Sif Muna.
   804 | D:2      | Became a worshipper of Warmaster Okawaru
   969 | D:2      | Learned a level 2 spell: Song of Slaying
   972 | D:2      | Learned a level 2 spell: Shroud of Golubria
  1188 | D:2      | Found a runed door.
  1207 | D:2      | Reached skill level 4 in Long Blades
  1349 | D:2      | Noticed Crazy Yiuf
  1553 | D:2      | Killed Crazy Yiuf
  1553 | D:2      | Reached XP level 4. HP: 23/29 MP: 2/8
  1807 | D:3      | Reached XP level 5. HP: 23/34 MP: 9/9
  1882 | D:3      | Reached * piety under Okawaru
  1903 | D:3      | Reached skill level 5 in Long Blades
  2331 | D:4      | Noticed a centaur
  2337 | D:4      | Killed a centaur
  2360 | D:4      | Noticed an ogre
  2392 | D:4      | Mangled by an ogre

Skill      XL: |  1  2  3  4  5 |
---------------+----------------+-----
Long Blades    | 3 4 5 |  5.4
Dodging        | 2 3 4 |  4.7
Fighting       | |  2.0
Armour         | |  0.8
Spellcasting   | |  2.4
Charms         | |  3.6

Action                   |  1- 3 |  4- 6 || total
-------------------------+-------+-------++-------
Melee: Falchion          |   103 |       ||   103
       Quarterstaff      |       |    45 ||    45
Throw: Javelin           |       |     1 ||     1
 Cast: Infusion          |    16 |       ||    16
       Shroud of Golubri |     1 |       ||     1
  Use: Scroll            |     5 |     3 ||     8
       Potion            |     1 |     1 ||     2
 Stab: Sleeping          |     5 |     2 ||     7
  Eat: Chunk             |     2 |     3 ||     5
Armor: Leather armour    |     3 |       ||     3
       Robe              |    10 |       ||    10
       Ring mail         |       |    11 ||    11
Dodge: Dodged            |    83 |    34 ||   117
       Rpst.: Falchion   |    32 |       ||    32

Table legend:
 A = Turns spent in this place as a percentage of turns spent in the entire game.
 B = Non-inter-level travel turns spent in this place as a percentage of non-inter-level travel turns spent in the entire game.
 C = Inter-level travel turns spent in this place as a percentage of turns spent in this place.
 D = Turns resting spent in this place as a percentage of non-inter-level travel turns spent in this place.
 E = Turns spent auto-exploring this place as a percentage of non-inter-level travel turns spent in this place.
 F = Non-inter-level travel turns spent in this place divided by the number of levels of this place that you've seen.
                   A       B       C       D       E      F
               +-------+-------+-------+-------+-------+----------------------
         Total | 100.0 | 100.0 |   0.4 |   5.8 |  12.6 | 172.8
       Dungeon | 100.0 | 100.0 |   0.4 |   5.8 |  12.6 | 172.8
               +-------+-------+-------+-------+-------+----------------------

Table legend:
 A = Kills in this place as a percentage of kills in entire the game.
 B = Kills by you in this place as a percentage of kills by you in the entire game.
 C = Kills by friends in this place as a percentage of kills by friends in the entire game.
 D = Other kills in this place as a percentage of other kills in the entire game.
 E = Experience gained in this place as a percentage of experience gained in the entire game.
 F = Experience gained in this place divided by the number of levels of this place that you have seen.
                   A       B       C       D       E      F
               +-------+-------+-------+-------+-------+----------------------
         Total | 100.0 | 100.0 |  -nan |  -nan | 100.0 |  92.5
       Dungeon | 100.0 | 100.0 |  -nan |  -nan | 100.0 |  92.5
               +-------+-------+-------+-------+-------+----------------------
